Map: Dreamcatcher LE

Players

Silky

  • Race: Zerg Zerg
  • Spawn Location: 11:00

ShoWTimE - Winner!

  • Race: Protoss Protoss
  • Spawn Location: 5:00

Event: WCS Valencia 2018

VOD

Have the link to the VOD?

Description

Time

  • Played on: July 12, 2018, 3 p.m.
  • Length: 28:14

All games in this series

Show
View Real Time Build Order
Export as new Build Order

Silky Zerg 

Build Orders: Hatch First, Brood Lord Corruptor 

Get SALT Encoding   

  12  0:00  Drone  
  13  0:08  Drone  
  14  0:16  Overlord  
  14  0:22  Extractor  
  14  0:23  Drone  
  15  0:44  Hatchery  
  15  0:48  Drone  
  15  0:51  Drone  
  15  0:55  Drone  
  17  0:59  Drone  
  18  1:09  Extractor  
  17  1:15  Spawning Pool  
  17  1:18  Drone  
  17  1:22  Drone  
  18  1:31  Drone  
  19  1:43  Drone  
  20  1:52  Overlord  
  20  2:01  Queen  
  20  2:02  Zergling x2, Queen  
  20  2:04  Zergling x2  
  26  2:10  Drone  
  26  2:12  Metabolic Boost  
  27  2:16  Drone  
  27  2:18  Drone  
  29  2:26  Drone  
  30  2:30  Drone  
  31  2:43  Hatchery  
  30  2:46  Queen  
  30  2:50  Overlord  
  32  2:55  Drone  
  32  2:58  Drone  
  32  2:59  Drone  
  32  3:02  Drone  
  35  3:06  Overlord  
  35  3:11  Drone x2  
  35  3:12  Drone  
  38  3:17  Drone  
  38  3:18  Drone x2  
  41  3:24  Queen  
  43  3:28  Zergling x4  
  43  3:31  Overlord  
  45  3:37  Drone  
  45  3:40  Lair  
  46  3:43  Overlord  
  46  3:50  Extractor, Drone x4  
  46  3:53  Spore Crawler  
  48  3:58  Spore Crawler x2  
  48  4:02  Drone x2  
  48  4:04  Drone  
  49  4:12  Drone x3  
  49  4:16  Drone x2  
  51  4:23  Drone x2  
  53  4:25  Drone  
  53  4:26  Drone  
  53  4:28  Drone  
  56  4:32  Extractor  
  56  4:35  Drone x2  
  56  4:36  Drone x2  
  59  4:41  Hydralisk Den  
  58  4:46  Drone x2  
  58  4:49  Overlord  
  58  4:51  Drone x3  
  62  4:58  Zergling x6  
  65  5:02  Overlord x2  
  65  5:05  Overlord  
  65  5:08  Extractor  
  65  5:09  Evolution Chamber  
  65  5:11  Hydralisk x2  
  67  5:14  Hydralisk  
  67  5:17  Hydralisk  
  71  5:22  Muscular Augments, Hydralisk  
  71  5:25  Drone x2  
  71  5:26  Drone  
  77  5:28  Zergling x2  
  77  5:29  Zergling x2  
  77  5:34  Hydralisk x2  
  82  5:39  Hydralisk  
  82  5:40  Hydralisk  
  86  5:45  Hydralisk  
  86  5:46  Zergling x6  
  84  5:54  Hydralisk x2  
  78  6:00  Hydralisk  
  78  6:01  Zergling x6  
  78  6:08  Hydralisk x2  
  78  6:12  Hydralisk  
  78  6:15  Queen  
  78  6:16  Queen x2  
  84  6:23  Hydralisk x2  
  82  6:29  Hydralisk  
  85  6:32  Drone  
  85  6:33  Drone x3  
  85  6:35  Hydralisk, Spore Crawler  
  88  6:42  Drone x2  
  88  6:44  Overlord  
  88  6:45  Overlord  
  86  6:52  Overlord  
  82  6:55  Zerg Missile Weapons Level 1  
  82  6:58  Overlord  
  82  7:03  Hydralisk x3  
  82  7:06  Drone x2  
  90  7:17  Hydralisk x2  
  90  7:20  Drone  
  90  7:21  Hydralisk  
  97  7:25  Drone  
  97  7:27  Hatchery  
  97  7:28  Overlord  
  97  7:30  Grooved Spines  
  97  7:31  Overlord  
  97  7:34  Hydralisk, Spore Crawler  
  98  7:39  Hydralisk x2  
  101  7:48  Drone x5  
  101  7:49  Drone  
  104  7:58  Hydralisk x2  
  104  8:00  Spore Crawler  
  104  8:03  Baneling Nest, Drone  
  104  8:04  Drone x2  
  109  8:06  Extractor  
  109  8:07  Hydralisk  
  110  8:13  Drone x3  
  110  8:14  Drone x2  
  110  8:15  Extractor, Drone  
  115  8:20  Overlord  
  114  8:31  Hydralisk  
  114  8:32  Zergling x8  
  114  8:33  Zergling x4  
  120  8:36  Drone  
  120  8:38  Spire, Drone  
  120  8:39  Drone  
  120  8:40  Drone x3  
  125  8:44  Drone  
  125  8:48  Centrifical Hooks  
  126  8:50  Drone x4  
  126  8:53  Zerg Melee Weapons Level 1  
  130  8:57  Evolution Chamber  
  130  8:58  Hydralisk  
  130  9:01  Drone x3  
  134  9:06  Zergling x8  
  134  9:07  Zergling x2  
  139  9:10  Drone  
  139  9:11  Drone x2  
  139  9:15  Hydralisk  
  144  9:18  Overlord x2  
  143  9:24  Overlord x2  
  143  9:30  Infestation Pit  
  142  9:31  Overlord  
  142  9:32  Overseer  
  142  9:38  Pneumatized Carapace  
  142  9:39  Drone  
  142  9:40  Overlord x2  
  142  9:41  Extractor, Overlord, Queen  
  142  9:42  Extractor  
  142  9:43  Drone  
  142  9:44  Drone x3  
  147  9:49  Zergling x2  
  147  9:50  Zergling x14  
  155  9:53  Baneling  
  155  9:54  Baneling x2  
  155  10:02  Zergling x8  
  155  10:03  Zergling x6  
  155  10:06  Hive  
  161  10:10  Spore Crawler x2, Baneling  
  161  10:11  Baneling x8  
  159  10:26  Zergling x22  
  159  10:27  Overlord  
  169  10:29  Overlord  
  169  10:34  Zerg Missile Weapons Level 2  
  167  10:43  Overlord  
  167  10:53  Zerg Melee Weapons Level 2  
  166  10:59  Corruptor x4  
  166  11:00  Corruptor x3  
  180  11:07  Hatchery  
  178  11:13  Overseer x2  
  178  11:14  Overseer  
  178  11:17  Corruptor x3  
  182  11:21  Greater Spire  
  181  11:26  Corruptor  
  181  11:44  Adrenal Glands  
  176  12:02  Hatchery  
  174  12:09  Zergling x2  
  174  12:10  Zergling x18  
  176  12:21  Pathogen Glands  
  167  12:23  Extractor  
  167  12:26  Queen  
  168  12:33  Brood Lord  
  168  12:34  Brood Lord x8  
  186  12:39  Baneling x6  
  186  12:42  Zergling x2  
  186  12:43  Zergling x10  
  189  12:44  Overlord  
  189  12:45  Overlord x3, Overseer  
  189  12:46  Overseer  
  189  12:47  Zerg Flyer Weapons Level 1  
  186  12:52  Extractor  
  185  13:03  Burrow  
  182  13:07  Infestor x2  
  186  13:18  Neural Parasite  
  186  13:23  Zerg Missile Weapons Level 3  
  186  13:24  Zerg Ground Armor Level 1  
  186  13:26  Drone x2  
  186  13:27  Drone  
  188  13:32  Hatchery  
  187  13:39  Infestor x3  
  190  13:45  Queen  
  192  13:51  Drone  
  193  13:56  Infestor x3  
  193  13:59  Spore Crawler, Baneling x2  
  193  14:00  Spore Crawler  
  193  14:01  Spine Crawler, Spore Crawler  
  195  14:03  Spore Crawler  
  195  14:09  Corruptor x2  
  190  14:10  Corruptor  
  190  14:16  Spore Crawler x2, Drone x5  
  190  14:17  Spore Crawler, Drone x2  
  193  14:18  Infestor  
  193  14:21  Spore Crawler  
  189  14:31  Infestor x7  
  189  14:32  Infestor  
  189  14:35  Queen  
  186  14:45  Infestor  
  186  14:46  Infestor  
  186  14:47  Hatchery, Infestor x4  
  192  14:55  Hatchery  
  192  14:56  Overseer x2  
  192  14:57  Zerg Flyer Weapons Level 2  
  181  15:12  Infestor  
  181  15:13  Infestor x6  
  160  15:23  Corruptor x5  
  161  15:32  Extractor  
  160  15:37  Drone  
  160  15:38  Spine Crawler, Drone x2  
  160  15:39  Spore Crawler, Drone x7  
  160  15:40  Extractor, Spore Crawler, Drone  
  160  15:42  Zergling x18  
  176  15:43  Extractor, Zergling x6  
  176  15:49  Infestor x7  
  178  15:53  Zergling x2  
  178  15:55  Infestor x4  
  186  16:04  Hatchery  
  183  16:11  Spore Crawler x2  
  182  16:12  Spore Crawler x2  
  182  16:13  Drone  
  182  16:14  Infestor x3  
  187  16:18  Drone  
  187  16:19  Drone  
  187  16:25  Infestor x7  
  187  16:26  Infestor x7  
  178  16:44  Infestor x2  
  186  16:57  Zergling x2  
  186  16:58  Zergling x14  
  186  17:18  Spine Crawler  
  186  17:19  Spine Crawler  
  186  17:20  Spine Crawler, Hatchery  
  180  17:25  Infestor  
  178  17:41  Extractor  
  178  17:43  Overlord  
  177  17:46  Extractor  
  177  17:48  Overlord x3  
  177  17:49  Overseer x2  
  174  17:51  Drone x3  
  174  17:52  Drone x5  
  174  17:53  Hydralisk  
  174  17:55  Overlord x2  
  178  17:58  Zerg Flyer Weapons Level 3  
  178  18:13  Corruptor  
  178  18:14  Spine Crawler  
  178  18:15  Spine Crawler  
  178  18:17  Spine Crawler  
  177  18:30  Spore Crawler  
  173  18:35  Corruptor  
  173  18:36  Corruptor x3  
  181  18:43  Drone  
  181  18:44  Drone x2  
  181  18:46  Drone  
  185  18:57  Hydralisk x4  
  185  18:58  Hydralisk  
  195  19:12  Zergling x2  
  196  19:27  Infestor x2  
  200  19:35  Hatchery  
  199  19:41  Baneling  
  199  19:53  Hydralisk  
  199  19:54  Zergling x2  
  199  20:06  Spore Crawler  
  198  20:07  Spore Crawler x2  
  195  20:15  Hatchery  
  194  20:25  Zergling x12  
  199  20:30  Spine Crawler x2  
  192  20:36  Zerg Flyer Armor Level 1  
  192  20:37  Drone x4  
  196  20:42  Corruptor  
  194  20:55  Hydralisk x2  
  194  20:56  Zergling x12  
  191  20:58  Queen  
  191  21:02  Hatchery, Baneling x6  
  182  21:12  Corruptor x4  
  182  21:13  Corruptor  
  172  21:37  Drone  
  172  21:38  Drone x8  
  172  21:39  Drone x2  
  183  21:44  Infestor  
  183  21:45  Infestor x4  
  192  21:49  Baneling  
  192  22:01  Extractor  
  191  22:03  Extractor  
  190  22:13  Zergling x16  
  190  22:14  Zergling x4  
  195  22:37  Overlord  
  195  22:38  Overlord x3  
  193  22:47  Hatchery, Baneling x4  
  185  23:02  Overlord x2  
  185  23:03  Overlord, Hatchery  
  185  23:04  Overseer  
  185  23:05  Zergling x8  
  173  23:23  Drone  
  173  23:26  Drone x6  
  180  23:27  Infestor x2  
  180  23:28  Infestor  
  180  23:30  Zergling x10  
  180  23:31  Zergling x4  
  193  23:34  Zergling x4  
  193  23:35  Zergling x6  
  193  23:37  Overlord x3  
  193  23:40  Overseer  
  188  23:48  Hydralisk  
  188  23:53  Hydralisk x2  
  187  23:57  Spore Crawler x2  
  187  23:58  Spore Crawler x2  
  187  23:59  Hydralisk x2  
  186  24:05  Lair  
  186  24:15  Baneling  
  182  24:18  Hydralisk  
  182  24:19  Hydralisk x3  
  175  24:59  Zergling x2  
  175  25:00  Zergling x22  
  175  25:02  Drone x2  
  175  25:03  Drone  
  175  25:05  Drone x12  
  177  25:23  Corruptor x2  
  173  25:44  Infestor x3  
  175  25:59  Overseer  
  173  26:10  Hatchery  
  170  26:12  Corruptor  
  170  26:18  Hatchery  
  163  26:36  Spire  
  147  27:32  Infestor x2  
Show
View Real Time Build Order
Export as new Build Order

ShoWTimE Protoss - Winner!

Build Orders: 1 Gate Expand, Oracle Opening, Phoenix Opening, Carriers, Mass Phoenix 

Get SALT Encoding   

  12  0:00  Probe  
  13  0:12  Probe  
  14  0:18  Pylon  
  14  0:24  Probe  
  15  0:32  Probe  
  15  0:40  Gateway, Probe  
  16  0:47  Assimilator  
  17  0:51  Probe  
  18  1:03  Probe  
  19  1:15  Probe  
  20  1:25  Nexus  
  20  1:35  Cybernetics Core  
  20  1:38  Probe  
  21  1:43  Assimilator  
  21  1:50  Probe  
  21  1:53  Pylon  
  22  2:02  Probe  
  22  2:03  Adept  
  23  2:14  Probe  
  26  2:17  Stargate  
  26  2:23  Warp Gate  
  26  2:26  Probe  
  26  2:29  Adept  
  27  2:32  Probe  
  30  2:38  Probe  
  30  2:41  Probe  
  31  2:51  Probe x2  
  33  2:54  Phoenix  
  33  2:56  Adept  
  36  3:03  Probe  
  36  3:04  Probe  
  40  3:07  Oracle  
  40  3:09  Pylon  
  40  3:15  Probe  
  40  3:16  Probe  
  45  3:27  Assimilator, Probe  
  45  3:29  Assimilator  
  45  3:30  Probe  
  47  3:36  Gateway  
  47  3:39  Probe  
  48  3:42  Probe  
  48  3:47  Pylon  
  49  3:51  Probe, Phoenix  
  49  3:54  Probe  
  53  4:00  Stargate  
  53  4:03  Probe  
  53  4:06  Probe  
  55  4:10  Phoenix  
  55  4:15  Probe  
  56  4:18  Probe  
  56  4:20  Pylon  
  59  4:27  Probe  
  59  4:28  Pylon  
  59  4:30  Phoenix  
  62  4:38  Phoenix  
  62  4:39  Adept  
  62  4:40  Adept  
  66  4:49  Phoenix  
  68  4:52  Pylon  
  70  5:03  Nexus  
  70  5:12  Phoenix  
  74  5:15  Phoenix  
  74  5:19  Pylon  
  74  5:20  Adept  
  76  5:21  Adept  
  78  5:32  Probe  
  78  5:34  Probe  
  78  5:35  Phoenix  
  80  5:37  Phoenix  
  82  5:44  Probe  
  82  5:46  Probe  
  82  5:52  Phoenix  
  82  5:55  Phoenix  
  82  5:57  Probe  
  79  5:58  Probe  
  79  6:00  Zealot  
  85  6:07  Robotics Facility  
  85  6:09  Robotics Facility  
  85  6:13  Probe  
  85  6:14  Probe  
  85  6:16  Probe  
  90  6:26  Probe x2  
  90  6:29  Zealot x2, Probe  
  97  6:37  Forge  
  97  6:38  Twilight Council, Probe  
  96  6:40  Probe  
  96  6:41  Probe  
  98  6:47  Immortal  
  98  6:50  Probe  
  98  6:51  Observer  
  98  6:52  Probe  
  98  6:53  Gateway  
  100  6:54  Probe  
  100  6:55  Gateway  
  100  6:57  Gateway  
  100  7:01  Sentry  
  108  7:05  Pylon  
  108  7:07  Pylon x2  
  108  7:13  Probe  
  108  7:14  Immortal, Protoss Ground Weapons Level 1, Assimilator  
  62  7:15  Charge  
  109  7:18  Assimilator  
  109  7:23  Probe x2  
  109  7:24  Immortal  
  109  7:28  Probe  
  116  7:34  Pylon  
  120  7:37  Pylon  
  120  7:39  Templar Archives  
  120  7:52  Immortal  
  120  7:53  Pylon  
  124  8:00  Probe  
  124  8:03  Immortal  
  129  8:06  Shield Battery  
  129  8:14  Shield Battery  
  129  8:15  Psionic Storm  
  129  8:16  Shield Battery  
  129  8:18  High Templar  
  131  8:20  Pylon  
  131  8:25  Gateway x2  
  131  8:28  Probe  
  131  8:31  Immortal  
  131  8:34  High Templar  
  131  8:38  Photon Cannon  
  133  8:42  Shield Battery  
  133  8:43  Immortal  
  133  8:47  Nexus  
  133  8:48  High Templar, Protoss Ground Weapons Level 2  
  139  8:49  High Templar  
  139  8:53  Shield Battery  
  141  8:55  Shield Battery  
  141  8:59  Pylon  
  141  9:08  Pylon  
  141  9:13  High Templar  
  141  9:15  Immortal  
  147  9:22  Immortal  
  149  9:26  Photon Cannon  
  149  9:29  Photon Cannon  
  149  9:30  Pylon  
  149  9:31  High Templar  
  149  9:35  Assimilator  
  149  9:37  Probe x3  
  154  9:39  Assimilator  
  154  9:43  Zealot, Shield Battery  
  154  9:45  Pylon  
  156  9:49  Observer  
  156  9:57  Gateway, Photon Cannon  
  156  10:02  Fleet Beacon  
  156  10:05  High Templar x2  
  160  10:09  Archon  
  160  10:10  Pylon  
  160  10:13  Immortal  
  164  10:22  Protoss Air Weapons Level 1  
  164  10:25  Immortal  
  168  10:30  Mothership  
  168  10:38  High Templar x2  
  168  10:42  Archon  
  172  10:44  Shield Battery  
  172  10:45  Shield Battery, Carrier  
  172  10:46  Pylon  
  172  10:48  Carrier  
  180  11:00  Photon Cannon  
  180  11:03  Photon Cannon, Probe x2  
  180  11:04  Protoss Ground Weapons Level 3, Probe  
  189  11:15  Probe  
  192  11:44  Stargate  
  192  11:46  Nexus  
  190  11:47  Carrier, Pylon  
  190  11:50  Graviton Catapult, Carrier  
  184  11:55  Zealot x3, Pylon  
  187  12:03  Observer  
  200  12:36  Photon Cannon  
  200  12:38  Photon Cannon  
  200  12:41  Photon Cannon  
  200  12:43  Photon Cannon  
  200  12:44  Shield Battery  
  200  12:46  Shield Battery, Carrier  
  200  12:49  Assimilator  
  192  12:55  Assimilator  
  192  12:59  Protoss Air Weapons Level 2  
  192  13:01  High Templar  
  192  13:02  High Templar x3  
  200  13:06  Archon x2  
  200  13:17  Protoss Shields Level 1  
  200  13:30  Blink  
  188  13:41  High Templar x2  
  188  13:42  High Templar x4  
  188  13:47  Gateway, Archon x3  
  200  13:48  Gateway x2  
  200  13:51  Gateway  
  200  13:55  Gateway  
  198  13:57  Gateway  
  198  14:02  Observer x2  
  198  14:29  Zealot  
  200  14:58  Mothership  
  200  15:00  Stargate  
  200  15:01  Stargate  
  200  15:04  Carrier  
  200  15:05  Carrier  
  190  15:15  Carrier  
  174  15:28  Zealot x7  
  178  15:29  Zealot x2  
  178  15:33  Observer  
  178  15:34  Observer  
  184  15:45  Carrier x2  
  196  15:52  Nexus  
  196  15:54  Pylon  
  194  16:01  Pylon  
  178  16:14  Zealot x10, Protoss Shields Level 2  
  178  16:15  Zealot  
  200  16:23  Photon Cannon  
  200  16:24  Photon Cannon  
  200  16:26  Photon Cannon  
  200  16:30  Assimilator  
  198  16:34  Assimilator  
  198  16:35  Carrier  
  184  16:41  Carrier  
  184  16:42  Protoss Air Weapons Level 3  
  196  17:06  Pylon  
  184  17:15  Zealot x7  
  188  17:16  Zealot x2  
  188  17:20  High Templar x5  
  196  17:40  Oracle  
  192  17:47  Carrier  
  192  17:57  Carrier  
  190  18:04  Pylon  
  186  18:09  Nexus  
  186  18:12  Assimilator  
  186  18:15  Assimilator  
  186  18:19  Photon Cannon  
  186  18:21  Photon Cannon  
  186  18:23  Photon Cannon  
  186  18:25  Pylon  
  186  18:30  Zealot x2  
  186  18:31  Zealot x2  
  186  18:32  High Templar x3  
  186  18:33  Protoss Shields Level 3  
  200  18:37  Archon  
  198  19:16  High Templar  
  200  19:26  Oracle  
  200  19:32  Protoss Air Armor Level 1  
  198  19:46  Anion Pulse-Crystals  
  194  20:08  Phoenix x3  
  200  20:35  Gateway  
  200  20:37  Gateway  
  200  20:39  Gateway  
  200  20:59  Gateway  
  200  21:03  Gateway  
  200  21:08  Gateway  
  200  21:11  Gateway  
  197  21:23  Archon  
  193  21:34  Phoenix x3  
  191  21:50  Zealot x4  
  191  21:52  Protoss Air Armor Level 2  
  199  22:04  Pylon  
  191  22:27  Photon Cannon  
  191  22:33  Nexus  
  182  22:37  Zealot x9  
  200  22:48  Pylon  
  200  22:50  Pylon  
  182  23:10  Zealot x7  
  182  23:11  Zealot x2  
  192  23:13  Protoss Ground Armor Level 1  
  184  23:21  High Templar x3  
  184  23:22  High Templar x3  
  184  23:23  Void Ray x2  
  198  23:42  Assimilator  
  198  23:45  Photon Cannon, Assimilator  
  198  23:46  Photon Cannon  
  198  23:48  Photon Cannon  
  198  23:50  Gateway, Photon Cannon  
  198  23:51  Photon Cannon  
  198  23:53  Gateway  
  194  23:59  Zealot x4  
  194  24:02  Zealot  
  200  24:07  Protoss Air Armor Level 3  
  186  24:25  Void Ray x3  
  186  24:26  Void Ray  
  190  24:39  Zealot  
  190  24:45  Void Ray  
  193  24:52  Zealot x3  
  187  25:14  Carrier x2  
  187  25:19  Oracle  
  183  25:40  High Templar x5  
  182  25:45  Zealot x8  
  182  25:46  Zealot  
  194  26:21  Carrier x2  
  194  26:22  Zealot x4, Carrier  
  179  26:33  Void Ray x2  
  197  27:04  Photon Cannon  
  197  27:05  Photon Cannon  
  197  27:06  Photon Cannon  
  197  27:09  Pylon, Phoenix  
  197  27:12  Pylon  
  195  27:36  Phoenix  
  192  27:38  Phoenix  
  177  28:00  Stalker x4  
  177  28:01  Stalker x7  
  193  28:13  Archon x2  
Tags
 
Add a new tag
Caveats
  • Supply blocks, unpowered buildings, or Contaminate may cause inaccurate times.
  • Supply counts are checked every 10 seconds.